 Dungeon Crawl Stone Soup version 0.30-a0-174-gbc10bd73c2 (webtiles) character file.

Game seed: 1081004809640209154

2578 qw the Cleaver (level 9, -3/55 HPs)
             Began as a Gargoyle Fighter on Oct 1, 2022.
             Was a Follower of Okawaru.
             Killed from afar by an acid dragon (18 damage)
             ... with a splash of acid
             ... on level 8 of the Dungeon.
             The game lasted 00:02:08 (5536 turns).

qw the Cleaver (Gargoyle Fighter)                   Turns: 5536, Time: 00:02:08

Health: -3/55      AC: 20    Str: 24    XL:     9   Next: 57%
Magic:  11/12      EV:  8    Int:  9    God:    Okawaru [*.....]
Gold:   421        SH:  6    Dex:  9    Spells: 8/8 levels left

rFire   . . .      SeeInvis .    a - +3 war axe (spect)
rCold   . . .      Faith    .    c - +0 buckler
rNeg    + . .      Spirit   .    r - +0 plate armour
rPois   inf        Reflect  .    (no helmet)
rElec   +          Harm     .    (no cloak)
rCorr   .          Rampage  .    (no gloves)
Will    .....                    (no boots)
Stlth   ..........               (no amulet)
HPRegen 0.29/turn                (no ring)
MPRegen 0.13/turn                (no ring)

@: heroic, weakened
A: sickness immunity, AC +6, negative energy resistance 1, electricity
resistance, torment resistance 1, petrification resistance
a: Renounce Religion, Heroism


You were on level 8 of the Dungeon.
You worshipped Okawaru.
Okawaru was aware of your devotion.
You visited 1 branch of the dungeon, and saw 8 of its levels.

You collected 421 gold pieces.


Innate Abilities, Weirdness & Mutations

You are immune to sickness and miasma.
Your stone body is resilient. (AC +6)
You are immune to poison.
You resist negative energy. (rN+)
You are resistant to electric shocks. (rElec)
You are resistant to unholy torment.
You are immune to petrification.


   Skills:
 - Level 6.0(11.0) Fighting
 - Level 9.0(14.0) Axes
 - Level 3.0(8.0) Throwing
 + Level 4.1(9.1) Armour
 - Level 1.6(6.6) Dodging
 - Level 4.6(9.6) Shields
 - Level 4.0 Invocations


You had 8 spell levels left.
You didn't know any spells.
Your spell library was empty.

Inventory:

Hand Weapons
 a - a +3 spectral war axe (weapon)
 g - a +0 flail
Missiles
 p - 3 silver javelins (quivered)
Armour
 c - a +0 buckler (worn)
 r - a +0 plate armour (worn)
Wands
 j - a wand of digging (14)
Scrolls
 h - a scroll of identify
 i - a scroll of teleportation
Potions
 d - 3 potions of might
 f - a potion of lignification
 k - a potion of attraction
 l - a potion of heal wounds
 o - a potion of mutation {unknown}
 q - a potion of degeneration {unknown}

Dungeon Overview and Level Annotations

Branches:
Dungeon (8/15)             Temple (0/1) D:6
   Lair: D:8-11

Altars:
Ashenzari
Cheibriados
Dithmenos
Elyvilon
Fedhas
Gozag
Makhleb
Okawaru
Ru
Sif Muna
Uskayaw
Wu Jian
Xom
Yredelemnul

Annotations:
D:4 3 runed translucent doors, qw's ghost, amateur GrFi
D:8 Joseph; Maurice


Message History

Maurice is almost dead.
Your +3 spectral war axe misses Maurice.
The gnoll bouda gazes fiercely through you!
You feel your attacks grow feeble.
Maurice mumbles some strange words.
Maurice blinks!
An acid dragon comes into view.
Joseph shoots a sling bullet.
The sling bullet hits you!
Found a potion of curing.
Maurice casts a spell.
Maurice blinks!
The acid dragon spits acid at you. You block the splash of acid.
Joseph shoots a sling bullet.
The sling bullet hits you but does no damage.
You block the gnoll bouda's attack.
Joseph shoots a sling bullet.
The sling bullet hits you.
You hit the gnoll bouda.
The gnoll bouda is moderately wounded.
Your +3 spectral war axe barely misses the gnoll bouda.
You block the gnoll bouda's attack.
Maurice gestures wildly while chanting.
Maurice puts on a burst of speed!
You hit the gnoll bouda but do no damage.
The gnoll bouda is moderately wounded.
Your +3 spectral war axe hits the gnoll bouda.
Joseph shoots a sling bullet.
The sling bullet hits you but does no damage.
The gnoll bouda hits you but does no damage.
You hit the gnoll bouda.
The gnoll bouda is heavily wounded.
Your +3 spectral war axe hits the gnoll bouda.
Maurice gestures wildly while chanting.
Maurice flickers and vanishes!
Deactivating autopickup; reactivate with Ctrl-A.
You slash the gnoll bouda!
You kill the gnoll bouda!
Okawaru accepts your kill. The acid dragon spits acid at you.
The splash of acid hits you!!
You die...

.... #.......#
......###.......
.....=.#.......
........... ..
..........# .# .
.......#.[##.##....
....^..#..@<.......
......ยค.%.##.#.....
....D.)@.....# ...
................. .
.###.............
!.............:.
~~##............. #
#####..........
#.....[... ###.#....


You could see Joseph and an acid dragon (catching breath).

Vanquished Creatures
  A hornet (D:8)
  A shadow (D:5)
  Eustachio (D:5)
  A steam dragon (D:7)
  A water moccasin (D:8)
  A sky beast (D:7)
  An orc warrior (D:7)
  An ice beast (D:5)
  2 centaurs
  A phantom (D:7)
  A necrophage (D:4)
  3 scorpions
  5 wights (D:7)
  3 howler monkeys
  3 hounds
  A jelly (D:4)
  2 gnoll boudas
  3 orc priests (D:7)
  Ijyb (D:3)
  2 iguanas (D:6)
  4 orc wizards
  A scorpion zombie (D:4)
  A hound zombie (D:4)
  7 gnolls
  10 adders
  4 white imps
  An ufetubus (D:5)
  16 orcs
  8 ball pythons
  7 bats
  4 endoplasms
  3 giant cockroaches
  10 goblins
  5 hobgoblins
  2 jackals (D:1)
  2 quokkas
  2 frilled lizards (D:3)
  3 kobolds
  7 rats
132 creatures vanquished.

Vanquished Creatures (others)
  2 adders (D:3)
  A dart slug (D:3)
  2 frilled lizards (D:3)
5 creatures vanquished.

Grand Total: 137 creatures vanquished

Notes
Turn   | Place    | Note
-------+----------+-------------------------------------------
     0 | D:1      | qw the Gargoyle Fighter began the quest for the Orb.
     0 | D:1      | Reached XP level 1. HP: 14/14 MP: 1/1
     0 | D:1      | 0 ||| qw: Version: 0.2-a-13-gfc7b4b4
     0 | D:1      | 0 ||| qw: Game counter: 1841
     0 | D:1      | 0 ||| qw: Always use a shield: true
     0 | D:1      | 0 ||| qw: God list: Okawaru
     0 | D:1      | 0 ||| qw: Allow faded altars: false
     0 | D:1      | 0 ||| qw: Do Orc after D:15 true
     0 | D:1      | 0 ||| qw: Do second Lair branch before Depths: true
     0 | D:1      | 0 ||| qw: Lair rune preference: random
     0 | D:1      | 0 ||| qw: Plans: Normal, Zot:1-4, God:TSO, Crypt, Tomb,
                  | Pan, Slime:5, Hells, Abyss, Orb
     0 | D:1      | 0 ||| PLANNING D:1-11
    47 | D:1      | Reached skill level 2 in Axes
    49 | D:1      | Reached XP level 2. HP: 7/19 MP: 2/2
   183 | D:1      | 183 ||| Stepping ~*~*~tactically~*~*~ (stealth).
   184 | D:1      | 184 ||| Stepping ~*~*~tactically~*~*~ (stealth).
   191 | D:1      | 191 ||| Stepping ~*~*~tactically~*~*~ (stealth).
   194 | D:1      | 194 ||| Stepping ~*~*~tactically~*~*~ (stealth).
   241 | D:1      | 241 ||| Stepping ~*~*~tactically~*~*~ (stealth).
   243 | D:1      | 243 ||| Stepping ~*~*~tactically~*~*~ (stealth).
   282 | D:1      | Reached skill level 3 in Axes
   296 | D:1      | 296 ||| Stepping ~*~*~tactically~*~*~ (stealth).
   310 | D:1      | Reached XP level 3. HP: 16/23 MP: 3/3
   619 | D:1      | 619 ||| DROPPING scarf of harm.
   620 | D:1      | 620 ||| READING scroll labelled MYMUZO YLEKO.
   621 | D:1      | 621 ||| READING 2 scrolls labelled VEATEL MIBBIFF.
   622 | D:1      | 622 ||| READING scroll labelled LUASCH TOMMIUKU.
   677 | D:2      | Found a shimmering blue altar of Sif Muna.
   683 | D:2      | 683 ||| Stepping ~*~*~tactically~*~*~ (hiding).
   685 | D:2      | 685 ||| Stepping ~*~*~tactically~*~*~ (hiding).
   740 | D:2      | 740 ||| Stepping ~*~*~tactically~*~*~ (stealth).
   944 | D:2      | 944 ||| DROPPING +0 club.
  1056 | D:2      | Found a faded altar of an unknown god.
  1133 | D:2      | 1133 ||| DROPPING scarf of invisibility.
  1134 | D:2      | 1134 ||| READING scroll labelled ATELAD QOUZUO.
  1135 | D:2      | 1135 ||| DRINKING 2 clear potions.
  1136 | D:2      | 1136 ||| DROPPING potion of brilliance.
  1145 | D:3      | Noticed Ijyb
  1149 | D:3      | Killed Ijyb
  1150 | D:3      | Reached skill level 4 in Axes
  1150 | D:3      | Reached XP level 4. HP: 27/28 MP: 4/4
  1151 | D:3      | 1151 ||| Stepping ~*~*~tactically~*~*~ (stealth).
  1215 | D:3      | 1215 ||| Stepping ~*~*~tactically~*~*~ (stealth).
  1220 | D:3      | 1220 ||| Stepping ~*~*~tactically~*~*~ (hiding).
  1239 | D:3      | Reached XP level 5. HP: 9/32 MP: 5/5
  1330 | D:3      | 1330 ||| DROPPING +0 whip.
  1423 | D:3      | Found a blossoming altar of Fedhas.
  1545 | D:3      | Found a shimmering altar of Xom.
  1571 | D:3      | 1571 ||| Stepping ~*~*~tactically~*~*~ (water).
  1574 | D:3      | 1574 ||| Stepping ~*~*~tactically~*~*~ (water).
  1849 | D:3      | 1849 ||| READING scroll labelled AGGELU JYSY.
  1850 | D:3      | 1850 ||| READING 2 scrolls labelled VUOL KENASTROI.
  1851 | D:3      | 1851 ||| READING scroll of enchant weapon.
  1851 | D:3      | 1851 ||| ENCHANTING +1 war axe of chaos.
  1852 | D:3      | 1852 ||| DRINKING 2 sedimented ruby potions.
  1957 | D:3      | 1957 ||| DRINKING 2 viscous cyan potions.
  1958 | D:3      | 1958 ||| DRINKING 2 fizzy cyan potions.
  1959 | D:3      | 1959 ||| READING 2 scrolls of identify.
  1959 | D:3      | 1959 ||| IDENTIFYING inky potion
  1960 | D:3      | 1960 ||| DROPPING potion of berserk rage.
  1961 | D:3      | 1961 ||| DROPPING potion of magic.
  1992 | D:4      | Reached skill level 5 in Axes
  2005 | D:4      | 2005 ||| READING scroll of brand weapon.
  2005 | D:4      | 2005 ||| BRANDING +2 war axe of chaos.
  2032 | D:4      | Found a sacrificial altar of Ru.
  2033 | D:4      | 2033 ||| Stepping ~*~*~tactically~*~*~ (stealth).
  2034 | D:4      | 2034 ||| Stepping ~*~*~tactically~*~*~ (stealth).
  2161 | D:4      | Found an ornate altar of the Wu Jian Council.
  2168 | D:4      | Reached skill level 1 in Dodging
  2168 | D:4      | Reached XP level 6. HP: 36/38 MP: 6/6
  2206 | D:4      | Found a snail-covered altar of Cheibriados.
  2224 | D:4      | Found an iron altar of Okawaru.
  2225 | D:4      | Found a shimmering blue altar of Sif Muna.
  2246 | D:4      | 2246 ||| DRINKING potion of curing.
  2246 | D:4      | 2246 ||| (to cure confusion)
  2278 | D:4      | Found a runed translucent gate.
  2278 | D:4      | Found a runed translucent gate.
  2278 | D:4      | Found a runed translucent gate.
  2278 | D:4      | Noticed qw's ghost (amateur GrFi)
  2280 | D:4      | 2280 ||| READING 2 scrolls labelled VADIAM VOIPNIAGIRPH.
  2281 | D:4      | 2281 ||| READING scroll labelled AXYNGO RUH BYUK.
  2282 | D:4      | 2282 ||| READING scroll labelled PUNWASTUBUDU.
  2309 | D:4      | Found a basalt altar of Yredelemnul.
  2408 | D:4      | Found a burning altar of Makhleb.
  2473 | D:4      | 2473 ||| READING 2 scrolls of identify.
  2473 | D:4      | 2473 ||| IDENTIFYING golden potion
  2474 | D:4      | 2474 ||| DROPPING scroll of noise.
  2475 | D:4      | 2475 ||| DROPPING potion of flight.
  2486 | D:5      | Entered Level 5 of the Dungeon
  2486 | D:5      | Noticed a shadow
  2491 | D:5      | Killed a shadow
  2492 | D:5      | Reached skill level 6 in Axes
  2492 | D:5      | Reached XP level 7. HP: 43/43 MP: 7/7
  2516 | D:5      | Noticed Eustachio
  2542 | D:5      | Killed Eustachio
  2543 | D:5      | Reached skill level 7 in Axes
  2767 | D:5      | 2767 ||| Stepping ~*~*~tactically~*~*~ (hiding).
  2772 | D:5      | Reached XP level 8. HP: 42/50 MP: 8/8
  2802 | D:5      | Found a hide-covered altar of Uskayaw.
  3070 | D:5      | 3070 ||| READING scroll of enchant weapon.
  3070 | D:5      | 3070 ||| ENCHANTING +2 spectral war axe.
  3291 | D:5      | 3291 ||| DROPPING +3 leather armour.
  3292 | D:5      | 3292 ||| READING scroll labelled ITAVVIRI CAFOB.
  3393 | D:5      | 3393 ||| READING scroll labelled BATOOP HOACIKI.
  3394 | D:5      | 3394 ||| READING 2 scrolls of identify.
  3394 | D:5      | 3394 ||| IDENTIFYING bubbling dark potion
  3395 | D:5      | 3395 ||| DROPPING potion of invisibility.
  3420 | D:4      | Found a white marble altar of Elyvilon.
  3425 | D:4      | 3425 ||| PLANNING OKAWARU WORSHIP
  3425 | D:4      | Became a worshipper of Warmaster Okawaru
  3426 | D:4      | 3426 ||| PLANNING D:1-11
  3485 | D:6      | 3485 ||| Stepping ~*~*~tactically~*~*~ (stealth).
  3487 | D:6      | 3487 ||| Stepping ~*~*~tactically~*~*~ (hiding).
  3488 | D:6      | 3488 ||| Stepping ~*~*~tactically~*~*~ (hiding).
  3613 | D:6      | 3613 ||| Stepping ~*~*~tactically~*~*~ (hiding).
  3617 | D:6      | Reached skill level 8 in Axes
  3884 | D:6      | Found a staircase to the Ecumenical Temple.
  3887 | D:6      | Reached skill level 1 in Throwing
  4155 | D:6      | 4155 ||| DROPPING amulet of magic regeneration.
  4156 | D:6      | 4156 ||| READING scroll labelled AKHELU GAARAFI.
  4161 | D:6      | 4161 ||| READING scroll labelled CEICKE WUHIEBB.
  4237 | D:7      | 4237 ||| Stepping ~*~*~tactically~*~*~ (hiding).
  4401 | D:7      | 4401 ||| Stepping ~*~*~tactically~*~*~ (stealth).
  4408 | D:7      | Reached skill level 6 in Fighting
  4418 | D:7      | 4418 ||| Stepping ~*~*~tactically~*~*~ (stealth).
  4419 | D:7      | 4419 ||| Stepping ~*~*~tactically~*~*~ (stealth).
  4420 | D:7      | 4420 ||| Stepping ~*~*~tactically~*~*~ (stealth).
  4424 | D:7      | 4424 ||| Stepping ~*~*~tactically~*~*~ (stealth).
  4429 | D:7      | Reached * piety under Okawaru
  4438 | D:7      | 4438 ||| FLEEEEING.
  4489 | D:7      | Found a shadowy altar of Dithmenos.
  4496 | D:7      | Reached skill level 1 in Invocations
  4509 | D:7      | Identified the +3 leather armour of the Past {rPois rF+
                  | Int+3 Dex-5}
  4558 | D:7      | 4558 ||| Stepping ~*~*~tactically~*~*~ (stealth).
  4567 | D:7      | 4567 ||| FLEEEEING.
  4569 | D:7      | Reached XP level 9. HP: 48/55 MP: 10/10
  4569 | D:7      | 4569 ||| FLEEEEING.
  4570 | D:7      | 4570 ||| FLEEEEING.
  4571 | D:7      | 4571 ||| FLEEEEING.
  4572 | D:7      | 4572 ||| FLEEEEING.
  4573 | D:7      | 4573 ||| FLEEEEING.
  4574 | D:7      | 4574 ||| FLEEEEING.
  4575 | D:7      | 4575 ||| FLEEEEING.
  4610 | D:7      | 4610 ||| INVOKING Heroism.
  4795 | D:7      | Found an opulent altar of Gozag.
  4834 | D:7      | 4834 ||| Stepping ~*~*~tactically~*~*~ (stealth).
  4836 | D:7      | 4836 ||| Stepping ~*~*~tactically~*~*~ (hiding).
  4842 | D:7      | Reached skill level 3 in Invocations
  4890 | D:7      | 4890 ||| Stepping ~*~*~tactically~*~*~ (hiding).
  4901 | D:7      | 4901 ||| INVOKING Heroism.
  4990 | D:7      | 4990 ||| Stepping ~*~*~tactically~*~*~ (cloud).
  4994 | D:7      | 4994 ||| Stepping ~*~*~tactically~*~*~ (hiding).
  4998 | D:7      | 4998 ||| INVOKING Heroism.
  5002 | D:7      | Reached skill level 9 in Axes
  5127 | D:7      | 5127 ||| INVOKING Heroism.
  5145 | D:7      | Reached skill level 3 in Throwing
  5285 | D:7      | Found a broken altar of Ashenzari.
  5438 | D:7      | 5438 ||| DROPPING +1 leather armour of cold resistance.
  5439 | D:7      | 5439 ||| UPGRADING to +0 chain mail.
  5449 | D:7      | 5449 ||| DROPPING +0 scale mail.
  5450 | D:7      | 5450 ||| DROPPING +3 leather armour of the Past {rPois rF+
                  | Int+3 Dex-5}.
  5451 | D:7      | 5451 ||| UPGRADING to +0 plate armour.
  5461 | D:7      | 5461 ||| DROPPING +0 chain mail.
  5462 | D:7      | 5462 ||| READING 3 scrolls of identify.
  5462 | D:7      | 5462 ||| IDENTIFYING lumpy ruby potion
  5463 | D:7      | 5463 ||| READING 2 scrolls of identify.
  5463 | D:7      | 5463 ||| IDENTIFYING green potion
  5518 | D:8      | Noticed Maurice
  5520 | D:8      | Noticed a hornet
  5523 | D:8      | Noticed Joseph
  5526 | D:8      | Killed a hornet
  5528 | D:8      | 5528 ||| INVOKING Heroism.
  5536 | D:8      | Killed from afar by an acid dragon

Levels and vault maps discovered:
D:1:      dpeg_arrival_erosion, layout_rooms
D:2:      layout_rooms, basic_altar, shapermc_ecumenical_altar_mp_vishouse,
          minmay_pentomino_o2
D:3:      layout_basic, xom_confusion_cloud,
          mainiacjoe_overflow_six_doors_small, nicolae_figureground_sparkle,
          uniq_ijyb
D:4:      layout_gridville, lightli_temple_of_fire,
          nicolae_yredelemnul_ghost_church, nicolae_overflow_hidden_temple,
          kennysheep_mini_moat, nicolae_ru_great_annihilating_truth,
          minmay_misc_feat_rows
D:5:      layout_loops_ring, general_overflow_altar, uniq_eustachio
D:6:      layout_basic, minmay_temple_entry_grid
D:7:      layout_loops_cross, mainiacjoe_overflow_cross_hatched,
          marbit_many_paths, nicolae_gozag_cash_rules_everything_around_me
D:8:      cheibrodos_ideogram_h, layout_cave_pools, dpeg_oklobed_lair,
          nzn_life_drinkers, uniq_joseph, uniq_maurice

Skill      XL: |  1  2  3  4  5  6  7  8  9 |
---------------+----------------------------+-----
Axes           | 2 3 4 5 6 7 8 9 |  9.0
Fighting       | 4 5 6 |  6.0
Dodging        | 1 |  1.6
Throwing       | 2 3 |  3.0
Invocations    | 2 4 |  4.0
Armour         | 4 |  4.1
Shields        | 4 |  4.6

Action                   |  1- 3 |  4- 6 |  7- 9 || total
-------------------------+-------+-------+-------++-------
Melee: War axe           |    95 |   123 |   116 ||   334
Throw: Javelin           |       |       |    22 ||    22
Invok: Heroism           |       |       |     5 ||     5
  Use: Scroll            |     4 |     9 |     8 ||    21
       Potion            |     1 |     4 |       ||     5
 Stab: Paralysed         |       |     1 |       ||     1
Armor: Scale mail        |    53 |    69 |    26 ||   148
       Plate armour      |       |       |     8 ||     8
Dodge: Dodged            |    43 |    56 |    28 ||   127
Block: Buckler           |    22 |    21 |    27 ||    70

Table legend:
 A = Non-vault XP
 B = Vault XP
 C = Vault XP percentage of total XP
 D = Non-vault monster count
 E = Vault monster count
 F = Vault count percentage of total count
                 A         B        C        D         E       F
            +---------+---------+-------+---------+---------+-------
      Total |    3178 |     545 |  14.6 |     117 |      15 |  11.4
            +---------+---------+-------+---------+---------+-------
        D:1 |      47 |       0 |   0.0 |      27 |       0 |   0.0
        D:2 |      10 |      15 |  60.0 |       6 |       2 |  25.0
        D:3 |     114 |      40 |  26.0 |      16 |       4 |  20.0
        D:4 |     217 |      70 |  24.4 |      19 |       6 |  24.0
        D:5 |     697 |     197 |  22.0 |       9 |       1 |  10.0
        D:6 |     318 |       0 |   0.0 |      12 |       0 |   0.0
        D:7 |    1285 |     183 |  12.5 |      25 |       1 |   3.8
        D:8 |     490 |      40 |   7.5 |       3 |       1 |  25.0
            +---------+---------+-------+---------+---------+-------
